 Dungeon Crawl Stone Soup version 0.31-a0-542-gdc2a67831c (webtiles) character file.

Game seed: 16389655257142426511

200 Dittersdorf the Trooper (level 5, -2/34 HPs)
             Began as a Gargoyle Fighter on Aug 14, 2023.
             Slain by an iguana (4 damage)
             ... on level 2 of the Dungeon.
             The game lasted 00:01:07 (990 turns).

Dittersdorf the Trooper (Gargoyle Fighter)           Turns: 990, Time: 00:01:08

Health: -2/34      AC: 11    Str: 22    XL:     5   Next: 79%
Magic:  5/5        EV:  9    Int:  8    God:
Gold:   97         SH:  4    Dex:  9    Spells: 4/4 levels left

rFire   . . .        a - +0 flail
rCold   . . .        c - +0 buckler
rNeg    + + .        b - +0 scale mail
rPois   ∞            (no helmet)
rElec   +            (no cloak)
rCorr   .            (no gloves)
SInv    .            (no boots)
Will    .....        (no amulet) Stlth
                     j - ring of positive energy
HPRegen 0.25/turn    (no ring)
MPRegen 0.09/turn

%: no passive effects
@: no status effects
A: sickness immunity, AC +4, negative energy resistance 1, electricity
resistance, torment resistance 1, petrification resistance
a: no special abilities


You were on level 2 of the Dungeon.
You visited 1 branch of the dungeon, and saw 2 of its levels.

You collected 97 gold pieces.

Inventory:

Hand Weapons
 a - a +0 flail (weapon)
Missiles
 o - 4 poisoned darts
Armour
 b - a +0 scale mail (worn)
 c - a +0 buckler (worn)
Jewellery
 j - a ring of positive energy (left hand)
Scrolls
 e - 2 scrolls of identify {unknown}
 g - a scroll of revelation {unknown}
 h - a scroll of fog {unknown}
 i - 2 scrolls of fear {unknown}
 k - a scroll of enchant armour {unknown}
 l - 2 scrolls of teleportation {unknown}
 m - a scroll of amnesia {unknown}
Potions
 d - 2 potions of might
 f - a potion of lignification {unknown}
 n - a potion of enlightenment {unknown}


   Skills:
 + Level 4.4 Fighting
 + Level 3.3 Maces & Flails
 + Level 4.4 Armour
 + Level 4.4 Shields


You had 4 spell levels left.
You didn't know any spells.
Your spell library was empty.

Dungeon Overview and Level Annotations

Branches:
Dungeon (2/15)

Altars:
Uskayaw


Innate Abilities, Weirdness & Mutations

You are immune to sickness and miasma.
Your stone body is resilient. (AC +4)
You are immune to poison.
You resist negative energy. (rN+)
You are resistant to electric shocks. (rElec)
You are resistant to unholy torment.
You are immune to petrification.


Message History

The iguana bites you!
You closely miss the iguana.
The iguana is almost dead.
The iguana bites you!
* * * LOW HITPOINT WARNING * * *
The iguana bites you but does no damage.
You are too injured to fight recklessly!
You are too injured to fight recklessly!
You are too injured to fight recklessly!
You are too injured to fight recklessly!
You are too injured to fight recklessly!
You are too injured to fight recklessly!
You are too injured to fight recklessly!
You are too injured to fight recklessly!
You are too injured to fight recklessly!
You are too injured to fight recklessly!
You are too injured to fight recklessly!
You are too injured to fight recklessly!
You are too injured to fight recklessly!
You are too injured to fight recklessly!
You are too injured to fight recklessly!
You are too injured to fight recklessly!
You barely miss the iguana.
The iguana is almost dead.
The iguana barely misses you.
You hit the iguana but do no damage.
The iguana is almost dead.
The iguana bites you!
* * * LOW HITPOINT WARNING * * *
You hit the iguana but do no damage.
The iguana is almost dead.
The iguana bites you but does no damage.
You completely miss the iguana.
The iguana is almost dead.
The iguana bites you but does no damage.
The iguana closely misses you.
You hit the iguana but do no damage.
The iguana is almost dead.
The iguana bites you.
You die...

#........##......#
#...#######..#.######
#...# #..#.#....#
#...# #.......#.#
#...# #..###..#.#
#...# #........#.#
..........#.#
######.######.#
#...l@......#.#
#)####.####.#.# ###
#.# #.# #.# .. #.#
##.# #.# ..#.###.[#
#.# #.#.#...## #.#
#.#...### #.# #....##
#.# ##.>.###### #.#


You could see an iguana.

Vanquished Creatures
  Sigmund (D:2)
  2 adders (D:2)
  2 dart slugs
  2 ball pythons
  8 endoplasms
  2 giant cockroaches
  3 goblins (D:1)
  2 hobgoblins (D:1)
  2 frilled lizards
  3 rats
27 creatures vanquished.

Notes
Turn   | Place    | Note
-------+----------+-------------------------------------------
     0 | D:1      | Dittersdorf the Gargoyle Fighter began the quest for the
                  | Orb.
     0 | D:1      | Reached XP level 1. HP: 14/14 MP: 1/1
   174 | D:1      | Reached XP level 2. HP: 11/19 MP: 2/2
   606 | D:2      | Reached XP level 3. HP: 23/23 MP: 3/3
   749 | D:2      | Found a hide-covered altar of Uskayaw.
   895 | D:2      | Noticed Sigmund
   912 | D:2      | Killed Sigmund
   913 | D:2      | Reached XP level 4. HP: 19/30 MP: 4/4
   913 | D:2      | Reached XP level 5. HP: 22/34 MP: 5/5
   987 | D:2      | HP: 1/34 [iguana (8)]
   990 | D:2      | Slain by an iguana

Illustrated notes

Levels and vault maps discovered:
D:1:      roderic_crossed_star, layout_basic, minmay_cut_off
D:2:      layout_basic, basic_altar, serial_bayou_crossing, uniq_sigmund

Skill      XL: |  1  2  3 |
---------------+----------+-----
Fighting       | 4 |  4.4
Maces & Flails | 3 |  3.3
Armour         | 4 |  4.4
Shields        | 4 |  4.4

Action                     |  1- 3 |  4- 6 || total
---------------------------+-------+-------++-------
  Melee: Flail             |    93 |    13 ||   106
 Armour: Scale mail        |    48 |     4 ||    52
  Dodge: Dodged            |    45 |     5 ||    50
  Block: Buckler           |    16 |     3 ||    19

Table legend: (Time is in decaauts)
 A = Elapsed time spent in this place.
 B = Non-inter-level travel time spent in this place.
 C = Inter-level travel time spent in this place.
 D = Time resting spent in this place.
 E = Time spent auto-exploring this place.
 F = Levels seen in this place.
 G = Mean time per level.
                   A        B        C        D        E       F      G
               +--------+--------+--------+--------+--------+-----+--------+
         Total |   1025 |   1008 |     17 |      0 |    769 |   2 |  512.5 |
       Dungeon |   1025 |   1008 |     17 |      0 |    769 |   2 |  512.5 |
               +--------+--------+--------+--------+--------+-----+--------+

Top non-repeatable levels by time:
     D:1: 613 daAuts
     D:2: 412 daAuts
